← All builds
Front / Armada / Economy first / OBSERVED BUILD

Standard front

Armada Front build order · Supreme Isthmus

Economy-first opening with Bot Lab and Vehicle Plant up almost immediately, units trickle out as Blitz, Rocketeer, Pawn and Janus to hold the wider gap and feed the middle fight, the role's normal job.

#eco · 1812 distinct matches · 266 players · 74% of Armada Front games · team won 60% of 2113 · Recently observed

HOW TO PLAY IT

Key timing: T2 constructor by 7:43

  1. Open mex and wind, drop Bot Lab and Vehicle Plant almost immediately.
  2. Pump Blitz, Rocketeer and Pawn to the coast to stop leaks first.
  3. Add Centurion and Janus once first units are moving up.
  4. Form units into a line pushing toward middle as numbers grow.
  5. Upgrade to Advanced Metal Extractor as the economy transition kicks in.

Phase by phase

TYPICAL OF ITS 1812 GAMES
  1. 1
  2. 2
  3. 3
PLAY THE OPENING

Follow the example game's first 6:00 step by step: what to build now, what comes next, and where it goes. At 1× it keeps pace with your own game.

  1. 1

    Up to the Bot Lab

    Economy
    • Metal Extractor2Mex
    Order
    1. Bot LabBot Lab after 2 mex, 1 winddone ~0:44, middle half 0:33–0:57

    Some games also: wind (48%) · Vehicle Plant (36%)

    By 0:28 in all: 2 mex

    The example game in this phase · 3 steps
    1. Mex ×2
    2. Vehicle PlantVehicle Plantdone 0:36 · typical 0:47
    3. Solar
  2. 2

    Bot Lab to 5:00

    Economy
    • Metal Extractor4Mex
    • Wind Turbine3Wind
    Builders
    • Construction Bot2 Con bot
    Army
    • Sentry1 Sentry
    • Rocketeer6 Rocketeer

    Some games also: Lazarus (49%) · tick (46%) · centurion (40%) · Radar Tower (32%) · con vehicle (31%)

    By 5:00 in all: 6 mex · 6 wind

    The example game in this phase · 37 steps
    1. RoverScoutfor Air
    2. Mex
    3. RoverScout
    4. Wind
    5. RoverScout
    6. Wind
    7. Construction VehicleCon vehicle ×2
    8. JanusJanus
    9. Mex
    10. JanusJanus
    11. Mex
    12. JanusJanus
    13. Wind
    14. JanusJanus
    15. Mex
    16. Wind ×2
    17. SentrySentry
    18. JanusJanus
    19. Wind
    20. Con turret
    21. SentrySentry ×2
    22. BlitzBlitz
    23. Wind
    24. BlitzBlitz
    25. SentrySentry
    26. BlitzBlitz
    27. Wind
    28. BlitzBlitz
    29. SentrySentry
    30. Wind
    31. BlitzBlitz
    32. Wind
    33. BlitzBlitz
    34. Wind
    35. BlitzBlitz
    36. Wind
    37. BlitzBlitz ×5
  3. 3

    5:00 to 10:00

    Economy
    • Metal Extractor1Mex
    • Wind Turbine14Wind
    Builders
    • Construction Turret2 Con turret
    Army
    • Sentry1 Sentry

    Some games also: rocketeer (46%) · energy storage (43%) · Lazarus (38%) · con bot (38%) · Radar Tower (36%)

    By 10:00 in all: 7 mex · 24 wind · 1 energy storage · 3 con turret

    The example game in this phase · 120 steps
    1. BlitzBlitz ×7
    2. Mex
    3. BlitzBlitz ×7
    4. Construction VehicleCon vehicle
    5. Mex
    6. Construction VehicleCon vehicle
    7. BlitzBlitz ×3
    8. Energy storage
    9. BlitzBlitz ×3
    10. Wind
    11. BlitzBlitz ×2
    12. Wind
    13. BlitzBlitz
    14. Converter
    15. BlitzBlitz ×2
    16. Wind
    17. BlitzBlitz ×2
    18. Con turret
    19. BlitzBlitz
    20. Wind
    21. BlitzBlitz ×2
    22. Wind
    23. BlitzBlitz ×2
    24. Wind
    25. BlitzBlitz ×2
    26. Wind ×2
    27. BlitzBlitz
    28. Wind ×2
    29. BlitzBlitz
    30. Advanced Metal ExtractorT2 mexdone 10:09 · typical 9:01
    31. Converter
    32. Wind
    33. Converter ×2
    34. Wind
    35. Advanced Metal ExtractorT2 mex
    36. Wind ×2
    37. BlitzBlitz ×2
    38. Advanced Metal ExtractorT2 mex
    39. Wind
    40. BlitzBlitz
    41. Wind ×2
    42. BlitzBlitz
    43. Construction VehicleCon vehicle
    44. Wind ×2
    45. Construction VehicleCon vehicle
    46. Con turret
    47. Wind
    48. Advanced Metal ExtractorT2 mex
    49. Wind ×2
    50. Construction VehicleCon vehicle
    51. Advanced solar
    52. Wind ×6
    53. BlitzBlitz
    54. Wind
    55. BlitzBlitz
    56. Advanced Metal ExtractorT2 mex
    57. Wind ×2
    58. BlitzBlitz ×2
    59. Wind
    60. BlitzBlitz
    61. Construction VehicleCon vehicle
    62. Wind ×2
    63. Construction VehicleCon vehicle
    64. Con turret
    65. BlitzBlitz
    66. Wind
    67. BlitzBlitz
    68. Wind
    69. BlitzBlitz
    70. Wind
    71. BlitzBlitz
    72. Con turret
    73. Advanced Metal ExtractorT2 mex
    74. Wind
    75. Con turret
    76. BlitzBlitz
    77. Wind
    78. Vehicle PlantVehicle Plantdone 13:30
    79. Wind
    80. BlitzBlitz
    81. Wind
    82. BlitzBlitz ×4
    83. Wind ×2
    84. BlitzBlitz ×2
    85. StoutStout ×2
    86. Wind
    87. StoutStout
    88. Wind
    89. StoutStout
    90. Wind
    91. StoutStout
    92. Wind
    93. StoutStout
    94. Converter
    95. Wind
    96. StoutStout
    97. Converter
    98. StoutStout
    99. Advanced Metal ExtractorT2 mex
    100. StoutStout
    101. Converter
    102. StoutStout
    103. Wind
    104. StoutStout ×2
    105. Converter
    106. StoutStout
    107. Wind
    108. Energy storage
    109. StoutStout
    110. Wind
    111. StoutStout
    112. Wind
    113. StoutStout ×2
    114. BeamerBeamer
    115. Wind
    116. StoutStout ×2
    117. Con turret
    118. StoutStout
    119. Wind
    120. StoutStout

Counts are medians over the build's games: half of them build more, half fewer. The example game is AinzIsHere's (40 OS, 15/10/2026); pick another.

Team trades

IN AT LEAST 30% OF ITS GAMES

You hand over

Nothing regular.

You get

  • Tidal Generator4 Tidal from Pondfirst at 0:17 · in 68% of games
  • Advanced Construction Bot1 T2 con bot from Geo or Techfirst at 7:25 · in 65% of games

How it plays out

Typical game of this build, running totals by minute

Metal produced

010k20k30k
0:005:0010:0015:00

metal

Enemy metal destroyed

05k10k
0:005:0010:0015:00

metal

Own metal lost

05k10k
0:005:0010:0015:00

metal

2113 games.

Show as table
ByMetal produced: This buildEnemy metal destroyed: This buildOwn metal lost: This build
1:0033300
2:008422131
3:001618135108
4:002699521333
5:0038461123782
6:00503419201420
7:00626327172288
8:00754835463155
9:00899043264050
10:001057150124779
11:001240355305547
12:001454359886397
13:001692064716999
14:001928772177854
15:002196978788729
WHAT THE NUMBERS SAY

Standard Front play wins more often than Suicide front and produces more metal by 15:00 while losing less of it.

  • + Metal produced reaches 22627 by 15:00, well above Suicide front's 20142.
  • + Own metal lost is 8944 by 15:00, lower than enemy metal destroyed ratio of Suicide front.
  • − First unit lost already at 1:43, showing exposure despite the safer position.
  • − Blitz dominates army share at 25%, leaving fewer Centurion for anti-swarm.
THE EXAMPLE YOU ARE READING

AinzIsHere

39.6 OS · 15/10/2026

Open source match ↗

5 received units · includes a constructor
474 metal received · 15095 energy received

Allied construction assistance is unknown. Timings are observations, not a promise of solo reproducibility.

Typical milestones

Bot Lab0:44Middle 50%: 0:33–0:57 · n=1422
Vehicle Plant0:47Middle 50%: 0:41–1:16 · n=1359
Advanced Metal Extractor9:01Middle 50%: 8:09–10:15 · n=1655

Played most by

haaven109games of this buildHummell108games of this buildLeohvm98games of this buildTheGeneraI77games of this buildXad69games of this build
Standard front · Armada Front build order · BAR Build Atlas